Workbook
Name AdminStart: 'Administrative Costs'!$A$6
Name ContractualNarrative: Contractual!$A$29
Name Direct_Amount: 'SF424A Page 2'!$B$24
Name DirectCharges: 'SF424A Page 2'!$A$26
Name EquipmentNarrative: Equipment!$A$28
Name FringeNarrative: Fringe!$A$28
Name IDCharges: Indirect!#REF!
Name Indirect_Amount: 'SF424A Page 2'!$E$24
Name Indirect_Narrative: Indirect!$A$26
Name IndirectAAmount: Indirect!$A$15
Name IndirectCharges: 'SF424A Page 2'!$C$26
Name IndirectStartA: Indirect!$A$10
Name IndirectStartB: Indirect!$A$19
Name IndirectTotal: Indirect!$A$22
Name OtherNarrative: 'Other (Including Training)'!$A$28
Name PersonnelNarrative: Personnel!$A$28
Name Remarks: 'SF424A Page 2'!$A$28
Name StartingAB: 'SF424A Page 1'!$A$7
Name StartingATotal: 'SF424A Page 1'!$A$12
Name StartingB: 'SF424A Page 1'!$A$15
Name StartingBB: 'SF424A Page 1'!$A$17
Name StartingC2: 'SF424A Page 2'!$A$4
Name StartingContractual: Contractual!$A$4
Name StartingD2: 'SF424A Page 2'!$A$13
Name StartingE2: 'SF424A Page 2'!$A$19
Name StartingEquipment: Equipment!$A$4
Name StartingF2: 'SF424A Page 2'!$A$24
Name StartingFringe: Fringe!$A$4
Name StartingOther: 'Other (Including Training)'!$A$4
Name StartingProgram: 'SF424A Page 1'!$A$29
Name StartingSupplies: Supplies!$A$4
Name StartingTotalC: 'SF424A Page 2'!$B$9
Name StartingTotalE: 'SF424A Page 2'!$A$21
Name StartingTravel: Travel!$A$4
Name StartPersonnel: Personnel!$A$4
Name SuppliesNarrative: Supplies!$A$35
Name TravelNarrative: Travel!$A$28

Sheet SF424A Page 1
A2: BUDGET INFORMATION - Non-Construction Programs
A3: SECTION A - BUDGET SUMMARY
A4: Grant Program Function or Activity | B4: New or Revised Budget | D4: Estimated Unobligated Funds
B6: Federal | C6: Non-Federal | D6: Federal | E6: Non-Federal | G6: Total
B7: 0 | C7: 0 | D7: 0 | E7: 0 | F7: 1 | G7: =(B7+C7)-(D7+E7) -> 0
B8: 0 | C8: 0 | D8: 0 | E8: 0 | F8: 2 | G8: =(B8+C8)-(D8+E8) -> 0
B9: 0 | C9: 0 | D9: 0 | E9: 0 | F9: 3 | G9: =(B9+C9)-(D9+E9) -> 0
B10: 0 | C10: 0 | D10: 0 | E10: 0 | F10: 4 | G10: =(B10+C10)-(D10+E10) -> 0
A12: Total | B12: =SUM(B7:B10) -> 0 | C12: =SUM(C7:C10) -> 0 | D12: =SUM(D7:D10) -> 0 | E12: =SUM(E7:E10) -> 0 | F12: 1 | G12: =(B12+C12)-(D12+E12) -> 0
A14: SECTION B - Object Class Categories
A15: Object Class Categories | B15: New or Revised Budget | D15: Estimated Unobligated Funds
B16: Federal | C16: Non-Federal | D16: Federal | E16: Non-Federal | G16: Total | O16: Federal | P16: Non-Federal
A17: Personnel | B17: =IF(B$12>0,(Personnel!$F$24*O$17),0) -> 0 | C17: =IF(C$12>0,(Personnel!$F$24*P$17),0) -> 0 | D17: 0 | E17: 0 | F17: 1 | G17: =(B17+C17)-(D17+E17) -> 0 | O17: =B7/G7 -> #DIV/0! | P17: =C7/G7 -> #DIV/0!
A18: Fringe Benefits | B18: =IF(B$12>0,(Fringe!$F$24*O$17),0) -> 0 | C18: =IF(C$12>0,(Fringe!$F$24*P$17),0) -> 0 | D18: 0 | E18: 0 | F18: 2 | G18: =(B18+C18)-(D18+E18) -> 0
A19: Travel | B19: =IF(B$12>0,(Travel!$G$24*O$17),0) -> 0 | C19: =IF(C$12>0,(Travel!$G$24*P$17),0) -> 0 | D19: 0 | E19: 0 | F19: 3 | G19: =(B19+C19)-(D19+E19) -> 0
A20: Equipment | B20: =IF(B$12>0,(Equipment!$E$24*O$17),0) -> 0 | C20: =IF(C$12>0,(Equipment!$E$24*P$17),0) -> 0 | D20: 0 | E20: 0 | F20: 4 | G20: =(B20+C20)-(D20+E20) -> 0
A21: Supplies | B21: =IF(B$12>0,(Supplies!$E$31*O$17),0) -> 0 | C21: =IF(C$12>0,(Supplies!$E$31*P$17),0) -> 0 | D21: 0 | E21: 0 | F21: 5 | G21: =(B21+C21)-(D21+E21) -> 0
A22: Contractual | B22: =IF(B$12>0,(Contractual!$C$25*O$17),0) -> 0 | C22: =IF(C$12>0,(Contractual!$C$25*P$17),0) -> 0 | D22: 0 | E22: 0 | F22: 6 | G22: =(B22+C22)-(D22+E22) -> 0
A23: Construction | B23: 0 | C23: 0 | D23: 0 | E23: 0 | F23: 7 | G23: =(B23+C23)-(D23+E23) -> 0
A24: Other | B24: =IF(B$12>0,('Other (Including Training)'!$F$24*O$17),0) -> 0 | C24: =IF(C$12>0,('Other (Including Training)'!$F$24*P$17),0) -> 0 | D24: 0 | E24: 0 | F24: 8 | G24: =(B24+C24)-(D24+E24) -> 0
A25: Total Direct Charges | B25: =SUM(B17:B24) -> 0 | C25: =SUM(C17:C24) -> 0 | D25: =SUM(D17:D24) -> 0 | E25: =SUM(E17:E24) -> 0 | F25: 9 | G25: =(B25+C25)-(D25+E25) -> 0
A26: Indirect Charges | B26: =IF(B$12>0,(Indirect!$B$22*O$17),0) -> 0 | C26: =IF(C$12>0,(Indirect!$B$22*P$17),0) -> 0 | D26: 0 | E26: 0 | F26: 10 | G26: =(B26+C26)-(D26+E26) -> 0
A27: Total | B27: =SUM(B25:B26) -> 0 | C27: =SUM(C25:C26) -> 0 | D27: =SUM(D25:D26) -> 0 | E27: =SUM(E25:E26) -> 0 | F27: 11 | G27: =SUM(G25:G26) -> 0
A29: Program Income | B29: 0 | C29: 0 | D29: 0 | E29: 0 | F29: 1 | G29: =SUM(B29:C29) -> 0

Sheet SF424A Page 2
A2: SECTION C - NON-FEDERAL RESOURCES
A3: Non-Federal Resource | C3: Applicant | D3: State | E3: Other Sources | G3: Total
C4: 0 | D4: 0 | E4: 0 | F4: 1 | G4: =SUM(C4:E4) -> 0
C5: 0 | D5: 0 | E5: 0 | F5: 2 | G5: =SUM(C5:E5) -> 0
C6: 0 | D6: 0 | E6: 0 | F6: 3 | G6: =SUM(C6:E6) -> 0
C7: 0 | D7: 0 | E7: 0 | F7: 4 | G7: =SUM(C7:E7) -> 0
A9: Total | C9: =SUM(C4:C8) -> 0 | D9: =SUM(D4:D8) -> 0 | E9: =SUM(E4:E8) -> 0 | F9: 1 | G9: =SUM(G4:G8) -> 0
A11: SECTION D - FORECASTED CASH NEEDS
A12: Funding Resource | B12: 1st Quarter | C12: 2nd Quarter | D12: 3rd Quarter | E12: 4th Quarter | G12: Total for First Year
A13: Federal | F13: 1 | G13: =SUM(B13:E13) -> 0
A14: Non-Federal | F14: 2 | G14: =SUM(B14:E14) -> 0
A15: Total | B15: =SUM(B13:B14) -> 0 | C15: =SUM(C13:C14) -> 0 | D15: =SUM(D13:D14) -> 0 | E15: =SUM(E13:E14) -> 0 | F15: 3 | G15: =SUM(G13:G14) -> 0
A17: SECTION E - BUDGET ESTIMATES FOR BALANCE OF THE PROJECT
A18: Grant Program | B18: Second Year | C18: Third Year | D18: Fourth Year | E18: Fifth Year | G18: Totals
A19: =StartingAB -> 0 | B19: 0 | C19: 0 | D19: 0 | E19: 0 | F19: 1 | G19: =SUM($B$19:$E$19) -> 0
A20: Amount of grant funds remaining after yearly estimates are entered: | B20: ='SF424A Page 1'!$G$12-'SF424A Page 2'!$G$15-$B$19 -> 0 | C20: ='SF424A Page 1'!$G$12-'SF424A Page 2'!$G$15-$B$19-$C$19 -> 0 | D20: ='SF424A Page 1'!$G$12-'SF424A Page 2'!$G$15-$B$19-$C$19-$D$19 -> 0 | E20: ='SF424A Page 1'!$G$12-'SF424A Page 2'!$G$15-$B$19-$C$19-$D$19-$E$19 -> 0 | F20: 2 | G20: ='SF424A Page 1'!G12-'SF424A Page 2'!G15-'SF424A Page 2'!G19 -> 0
A21: Total | B21: =B20 -> 0 | C21: =C20 -> 0 | D21: =D20 -> 0 | E21: =E20 -> 0 | F21: =F20 -> 2 | G21: =G20 -> 0
A23: SECTION F - OTHER BUDGET INFORMATION
A24: Direct Charges | B24: ='SF424A Page 1'!G25 -> 0 | C24: Indirect Charges | E24: ='SF424A Page 1'!G26 -> 0
A26: See Budget Narrative | C26: See Budget Narrative
A27: Remarks
A28: See Budget Narrative

Sheet Personnel
A2: Object Class Category: PERSONNEL
A3: Position | B3: % of Time | C3: Monthly Wage/Salary | E3: # of Months | F3: Total Wage/Salary
D4: 1 | F4: =ROUND((C4*E4)*B4,2) -> 0
D5: 2 | F5: =ROUND((C5*E5)*B5,2) -> 0
D6: 3 | F6: =ROUND((C6*E6)*B6,2) -> 0
D7: 4 | F7: =ROUND((C7*E7)*B7,2) -> 0
D8: 5 | F8: =ROUND((C8*E8)*B8,2) -> 0
D9: 6 | F9: =ROUND((C9*E9)*B9,2) -> 0
D10: 7 | F10: =ROUND((C10*E10)*B10,2) -> 0
D11: 8 | F11: =ROUND((C11*E11)*B11,2) -> 0
D12: 9 | F12: =ROUND((C12*E12)*B12,2) -> 0
D13: 10 | F13: =ROUND((C13*E13)*B13,2) -> 0
D14: 11 | F14: =ROUND((C14*E14)*B14,2) -> 0
D15: 12 | F15: =ROUND((C15*E15)*B15,2) -> 0
... D23: 20 | F23: =ROUND((C23*E23)*B23,2) -> 0
C24: TOTAL PERSONNEL | F24: =SUM(F4:F23) -> 0
A27: Budget Narrative - PERSONNEL (Responses exceeding 250 characters should use separate sheet)

Sheet Fringe
A2: Object Class Category: FRINGE BENEFITS
A3: Position/s | B3: Benefit(s) | C3: Rate | D3: Base Amount | F3: Total
A4: =IF(Personnel!A4="","",Personnel!A4) | D4: =Personnel!$F4 -> 0 | E4: 1 | F4: =ROUND(D4*C4,2) -> 0
A5: =IF(Personnel!A5="","",Personnel!A5) | D5: =Personnel!$F5 -> 0 | E5: 2 | F5: =ROUND(D5*C5,2) -> 0 | J5: test 1
A6: =IF(Personnel!A6="","",Personnel!A6) | D6: =Personnel!$F6 -> 0 | E6: 3 | F6: =ROUND(D6*C6,2) -> 0 | J6: test 2
A7: =IF(Personnel!A7="","",Personnel!A7) | D7: =Personnel!$F7 -> 0 | E7: 4 | F7: =ROUND(D7*C7,2) -> 0
A8: =IF(Personnel!A8="","",Personnel!A8) | D8: =Personnel!$F8 -> 0 | E8: 5 | F8: =ROUND(D8*C8,2) -> 0
A9: =IF(Personnel!A9="","",Personnel!A9) | D9: =Personnel!$F9 -> 0 | E9: 6 | F9: =ROUND(D9*C9,2) -> 0
A10: =IF(Personnel!A10="","",Personnel!A10) | D10: =Personnel!$F10 -> 0 | E10: 7 | F10: =ROUND(D10*C10,2) -> 0
A11: =IF(Personnel!A11="","",Personnel!A11) | D11: =Personnel!$F11 -> 0 | E11: 8 | F11: =ROUND(D11*C11,2) -> 0
A12: =IF(Personnel!A12="","",Personnel!A12) | D12: =Personnel!$F12 -> 0 | E12: 9 | F12: =ROUND(D12*C12,2) -> 0
A13: =IF(Personnel!A13="","",Personnel!A13) | D13: =Personnel!$F13 -> 0 | E13: 10 | F13: =ROUND(D13*C13,2) -> 0
A14: =IF(Personnel!A14="","",Personnel!A14) | D14: =Personnel!$F14 -> 0 | E14: 11 | F14: =ROUND(D14*C14,2) -> 0
A15: =IF(Personnel!A15="","",Personnel!A15) | D15: =Personnel!$F15 -> 0 | E15: 12 | F15: =ROUND(D15*C15,2) -> 0
A16: =IF(Personnel!A16="","",Personnel!A16) | D16: =Personnel!$F16 -> 0 | E16: 13 | F16: =ROUND(D16*C16,2) -> 0
A17: =IF(Personnel!A17="","",Personnel!A17) | D17: =Personnel!$F17 -> 0 | E17: 14 | F17: =ROUND(D17*C17,2) -> 0
A18: =IF(Personnel!A18="","",Personnel!A18) | D18: =Personnel!$F18 -> 0 | E18: 15 | F18: =ROUND(D18*C18,2) -> 0
... A23: =IF(Personnel!A23="","",Personnel!A23) | D23: =Personnel!$F23 -> 0 | E23: 20 | F23: =ROUND(D23*C23,2) -> 0
B24: TOTAL FRINGE BENEFITS | F24: =SUM(F4:F23) -> 0
A27: Budget Narrative - FRINGE BENEFITS (Responses exceeding 250 characters should use separate sheet)

Sheet Travel
A2: Object Class Category: TRAVEL
A3: Item | B3: # of Staff | C3: # of Units | D3: Unit Type | E3: Unit Total | G3: Total
F4: 1 | G4: =ROUND(B4*C4*E4,2) -> 0
F5: 2 | G5: =ROUND(B5*C5*E5,2) -> 0
F6: 3 | G6: =ROUND(B6*C6*E6,2) -> 0
F7: 4 | G7: =ROUND(B7*C7*E7,2) -> 0
F8: 5 | G8: =ROUND(B8*C8*E8,2) -> 0
F9: 6 | G9: =ROUND(B9*C9*E9,2) -> 0
F10: 7 | G10: =ROUND(B10*C10*E10,2) -> 0
F11: 8 | G11: =ROUND(B11*C11*E11,2) -> 0
F12: 9 | G12: =ROUND(B12*C12*E12,2) -> 0
F13: 10 | G13: =ROUND(B13*C13*E13,2) -> 0
F14: 11 | G14: =ROUND(B14*C14*E14,2) -> 0
F15: 12 | G15: =ROUND(B15*C15*E15,2) -> 0
... F23: 20 | G23: =ROUND(B23*C23*E23,2) -> 0
D24: TOTAL TRAVEL | G24: =SUM(G4:G23) -> 0
A27: Budget Narrative: TRAVEL (Responses exceeding 250 characters should use separate sheet)

Sheet Equipment
A2: Object Class Category: EQUIPMENT (Includes items with a per unit cost of, or exceeding, $10,000.00 and a useful life of more than one year)
A3: Item | B3: # of Items | C3: Item Cost | E3: Total
D4: 1 | E4: =ROUND(C4*B4,2) -> 0
D5: 2 | E5: =ROUND(C5*B5,2) -> 0
D6: 3 | E6: =ROUND(C6*B6,2) -> 0
D7: 4 | E7: =ROUND(C7*B7,2) -> 0
D8: 5 | E8: =ROUND(C8*B8,2) -> 0
D9: 6 | E9: =ROUND(C9*B9,2) -> 0
D10: 7 | E10: =ROUND(C10*B10,2) -> 0
D11: 8 | E11: =ROUND(C11*B11,2) -> 0
D12: 9 | E12: =ROUND(C12*B12,2) -> 0
D13: 10 | E13: =ROUND(C13*B13,2) -> 0
D14: 11 | E14: =ROUND(C14*B14,2) -> 0
D15: 12 | E15: =ROUND(C15*B15,2) -> 0
... D23: 20 | E23: =ROUND(C23*B23,2) -> 0
B24: TOTAL EQUIPMENT | E24: =SUM(E4:E23) -> 0
A27: Budget Narrative: EQUIPMENT (Responses exceeding 250 characters should use separate sheet)

Sheet Supplies
A2: Object Class Category: SUPPLIES (Includes items with a per unit cost of less than $10,000.00)
A3: Item | B3: # of Units | C3: Unit Cost | E3: Total
D4: 1 | E4: =ROUND(C4*B4,2) -> 0
D5: 2 | E5: =ROUND(C5*B5,2) -> 0
D6: 3 | E6: =ROUND(C6*B6,2) -> 0
D7: 4 | E7: =ROUND(C7*B7,2) -> 0
D8: 5 | E8: =ROUND(C8*B8,2) -> 0
D9: 6 | E9: =ROUND(C9*B9,2) -> 0
D10: 7 | E10: =ROUND(C10*B10,2) -> 0
D11: 8 | E11: =ROUND(C11*B11,2) -> 0
D12: 9 | E12: =ROUND(C12*B12,2) -> 0
D13: 10 | E13: =ROUND(C13*B13,2) -> 0
D14: 11 | E14: =ROUND(C14*B14,2) -> 0
D15: 12 | E15: =ROUND(C15*B15,2) -> 0
... D30: 27 | E30: =ROUND(C30*B30,2) -> 0
B31: TOTAL SUPPLIES | E31: =SUM(E4:E30) -> 0
A34: Budget Narrative: SUPPLIES (Responses exceeding 250 characters should use separate sheet)

Sheet Contractual
A2: Object Class Category: CONTRACTUAL
A3: Brief Description | C3: Total
B4: 1
B5: 2
B6: 3
B7: 4
B8: 5
B9: 6
B10: 7
B11: 8
B12: 9
B13: 10
B14: 11
B15: 12
... B23: 20
A25: TOTAL CONTRACTUAL | C25: =SUM(C4:C23) -> 0
A28: Budget Narrative: CONTRACTUAL (Responses exceeding 250 characters should use separate sheet)

Sheet Other (Including Training)
A2: Object Class Category: OTHER COSTS (Including Training Expenses)
A3: Item | B3: # of Units | C3: Unit Type | D3: Unit Cost | F3: Total
E4: 1 | F4: =ROUND(D4*B4,2) -> 0
E5: 2 | F5: =ROUND(D5*B5,2) -> 0
E6: 3 | F6: =ROUND(D6*B6,2) -> 0
E7: 4 | F7: =ROUND(D7*B7,2) -> 0
E8: 5 | F8: =ROUND(D8*B8,2) -> 0
E9: 6 | F9: =ROUND(D9*B9,2) -> 0
E10: 7 | F10: =ROUND(D10*B10,2) -> 0
E11: 8 | F11: =ROUND(D11*B11,2) -> 0
E12: 9 | F12: =ROUND(D12*B12,2) -> 0
E13: 10 | F13: =ROUND(D13*B13,2) -> 0
E14: 11 | F14: =ROUND(D14*B14,2) -> 0
E15: 12 | F15: =ROUND(D15*B15,2) -> 0
... E23: 20 | F23: =ROUND(D23*B23,2) -> 0
C24: TOTAL OTHER COSTS | F24: =SUM(F4:F23) -> 0
A27: Budget Narrative: OTHER COSTS (Responses exceeding 250 characters should use separate sheet)

Sheet Indirect
A2: Object Class Category: INDIRECT CHARGES
A5: Choose one of the following options to apply indirect charges to the grant:
A8: OPTION A
A9: For grantees that have an approved Indirect Cost Rate Agreement
A10: Federal agency that issued the agreement | B10: USDOL
A11: What is the approved rate (%)?
A12: What is the base against which rate is applied? (Note: enter description as specified in the agreement) | B12: Total direct salaries and wages including all applicable fringe benefits.
A13: What is the the base amount ($)?
A14: Enter the rate (%) that will be used for this grant
A15: Calculated amount ($) that will be used for this grant | B15: =ROUND(B13*B14,2) -> 0
A17: OPTION B
A18: For grantees that DO NOT have an approved Indirect Cost Rate Agreement
A19: Enter fixed amount ($) that will be used
A20: (Note: This will be only temporary until your Indirect Cost Rate Application is Submitted and Approved)
A22: TOTAL INDIRECT CHARGES | B22: =ROUND(IF(B15=0,B19,B15),2) -> 0
A25: Budget Narrative - INDIRECT CHARGES (Responses exceeding 250 characters should use separate sheet)

Sheet Administrative Costs
A2: ADMINISTRATIVE COSTS
A3: Please consult with your awarding agency regarding administrative cost limitations for the award being applied for.
A5: Budget Narrative - ADMINISTRATIVE COSTS
